 Dungeon Crawl Stone Soup version 0.18-a0-1577-gf591c28 (webtiles) character file.

19 M4edhros the Firebug (level 2, 0/19 HPs)
             Began as an Octopode Wanderer on Mar 17, 2016.
             Slain by a kobold
             ... wielding a +0 club
              (7 damage)
             ... on level 1 of the Dungeon.
             The game lasted 00:00:59 (317 turns).

M4edhros the Firebug (Octopode Wanderer)             Turns: 317, Time: 00:00:59

Health: 0/19       AC:  1    Str: 12    XL:     2   Next: 75%
Magic:  5/5        EV: 11    Int: 13    God:
Gold:   4          SH:  0    Dex: 11    Spells: 1 memorised, 4 levels left

rFire  . . .     SeeInvis .     b - +0 shortbow
rCold  . . .     Gourm    .     (shield currently unavailable)
rNeg   . . .     Faith    .     (helmet restricted)
rPois  .         Spirit   .     (no amulet)
rElec  .         Dismiss  .     (no ring)
rCorr  .         Reflect  .     (no ring)
SustAt .         Harm     .     (no ring)
MR     .....                    (no ring)
Stlth  +++.......               (no ring)
                                (no ring)
                                (no ring)
                                (no ring)

@: not resistant to hostile enchantments, fairly stealthy
A: almost no armour, amphibious, 8 rings, constrict 8, camouflage 1, gelatinous
body 1
a: no special abilities


You were on level 1 of the Dungeon.
You were not hungry.

You visited 1 branch of the dungeon, and saw 1 of its levels.

You collected 4 gold pieces.

Inventory:

Hand Weapons
 b - a +0 shortbow (weapon)
Missiles
 c - 8 arrows (quivered)
 i - 19 poisoned arrows
Wands
 d - a wand of random effects (15/48)
Scrolls
 g - a scroll of amnesia {unknown}
 h - 2 scrolls of enchant weapon {unknown}
 j - 3 scrolls of identify {unknown}
Potions
 e - 2 potions of curing {unknown}
Books
 a - a book of Flames

   Spells                             Type                      Level
   a - Flame Tongue                   Conjuration/Fire             1
   b - Throw Flame                    Conjuration/Fire             2
   c - Conjure Flame                  Conjuration/Fire             3
   d - Inner Flame                    Hexes/Fire                   3
   e - Sticky Flame                   Conjuration/Fire             4
   f - Fireball                       Conjuration/Fire             5
Comestibles
 f - a bread ration
 k - a beef jerky


   Skills:
 - Level 2.0 Fighting
 - Level 1.0 Bows
 - Level 1.3 Stealth
 - Level 2.0 Spellcasting
 * Level 2.1 Conjurations
 + Level 2.4 Fire Magic
 - Level 1.1 Evocations


You had 4 spell levels left.
You knew the following spells:

 Your Spells              Type           Power        Failure   Level  Hunger
a - Flame Tongue          Conj/Fire      #....        12%         1    ##.....


Dungeon Overview and Level Annotations

Branches:
Dungeon (1/15)

Altars:


Innate Abilities, Weirdness & Mutations

You cannot wear most types of armour.
You are amphibious.
You can wear up to eight rings at the same time.
You can use your tentacles to constrict eight enemies at once.
Your skin changes colour to match your surroundings (Stealth).
Your rubbery body absorbs attacks (AC +1).


Message History

The kobold hits you with a club.
A kobold is nearby!
Firing (i - inventory. (,) - cycle):
c - 11 arrows (quivered)
Press: ? - help, Shift-Dir - straight line, f/p - kobold
Aim: a kobold, wielding a club You shoot an arrow.
The arrow closely misses the kobold.
The kobold hits you with a club.
A kobold is nearby!
Firing (i - inventory. (,) - cycle):
c - 10 arrows (quivered)
Press: ? - help, Shift-Dir - straight line, f/p - kobold
Aim: a kobold, wielding a club You shoot an arrow.
The arrow closely misses the kobold.
The kobold hits you with a club.
A kobold is nearby!
Firing (i - inventory. (,) - cycle):
c - 9 arrows (quivered)
Press: ? - help, Shift-Dir - straight line, f/p - kobold
Aim: a kobold, wielding a club You shoot an arrow.
The arrow closely misses the kobold.
The kobold hits you with a club!
You die...

#### ##########
#...
######...(...((
#...
....)...K(.(...
#...
#.@##########
#...
#...........#
#...
#..########.#
#... #..# #.#
#... #..# #)#
#... #..# #.#
#... #... #.#
#... #...
#.####... #...
#....'...


You could see a kobold.

Vanquished Creatures
  An ooze (D:1)
  2 dart slugs (D:1)
  2 goblins (D:1)
  A kobold (D:1)
  A bat (D:1)
  A giant newt (D:1)
  5 rats (D:1)
13 creatures vanquished.

Notes
Turn   | Place    | Note
--------------------------------------------------------------
     0 | D:1      | M4edhros the Octopode Wanderer began the quest for the Orb.
     0 | D:1      | M4edhros set off with: a book of Flames, a +0 shortbow, 21 arrows, a wand of random effects (15/48), a bread ration
     0 | D:1      | Reached XP level 1. HP: 14/14 MP: 3/3
     2 | D:1      | Learned a level 1 spell: Flame Tongue
   157 | D:1      | Reached XP level 2. HP: 19/19 MP: 5/5
   317 | D:1      | Slain by a kobold

Vault maps used:
D:1:      elethiomel_arrival_maze, roderic_curled_sauvastika, kennysheep_boxes

Skill      XL: |  1  2 |
---------------+-------+-----
Conjurations   | 2 |  2.1
Fighting       | |  2.0
Bows           | |  1.0
Stealth        | |  1.3
Spellcasting   | |  2.0
Fire Magic     | |  2.4
Evocations     | |  1.1

Action                   || total
-------------------------++-------
 Fire: Shortbow          ||    48
